AoeStats
← Kratzbaum

Arabia

507833793Analyzed
2v2 RM · 13d ago on Sep 19, 2026· 15m 8s· 4 players
Game mode
Random Map
Map size
Medium (4 player)
Population
200
Speed
Normal
Resources
Standard
Victory
Conquest
Starting age
Dark Age
Ending age
Imperial Age
RankedLock teamsTeams togetherTeam positionsShared explorationLock speedFull tech treeHidden civsTurbo modeCheats
Victory
Defeat
🇪🇸 Armenians · Spain
1070
+16
🇪🇸 Spanish · Spain
1046
+17
🇩🇪 Mongols · Germany
1074
-17
🇸🇪 Malians · Sweden
1051
-16
Bulbu
3:48 Loom
11:04 Feudal Age
Kratzbaum
5:22 Loom
10:11 Feudal Age
11:51 Double-Bit Axe
12:25 Horse Collar
Chadwick
12:39 Feudal Age
12:41 Man-at-Arms
15:16 Scale Mail Armor
JC10
2:13 Loom
10:33 Feudal Age
14:59 Castle Age
Connection lost

Rejoining the realm…

Still unreachable

The connection could not be restored.

Session expired

The server has moved on; the page needs a fresh start.